 Dungeon Crawl Stone Soup version 0.28.0-53-g5a82cb258f (webtiles) character file.

Game seed: 18407298093273744879

23 Zeld the Chiller (level 2, -2/19 HPs)
             Began as a Merfolk Ice Elementalist on May 21, 2022.
             Killed from afar by Sigmund (13 damage)
             ... with a puff of flame
             ... on level 2 of the Dungeon.
             The game lasted 00:00:56 (1193 turns).

Zeld the Chiller (Merfolk Ice Elementalist)         Turns: 1193, Time: 00:00:56

Health: -2/19      AC:  2    Str:  8    XL:     2   Next: 95%
Magic:  5/5        EV: 13    Int: 14    God:
Gold:   41         SH:  0    Dex: 14    Spells: 5/6 levels left

rFire   . . .      SeeInvis .   (no weapon)
rCold   . . .      Faith    .   (no shield)
rNeg    . . .      Spirit   .   a - +0 robe
rPois   .          Reflect  .   (no helmet)
rElec   .          Harm     .   (no cloak)
rCorr   .          Rampage  .   (no gloves)
Will    .....                   (no boots)
Stlth   ++........              (no amulet)
HPRegen 0.06/turn               (no ring)
MPRegen 0.09/turn               (no ring)

@: no status effects
A: (nimble swimmer 2), mertail
a: no special abilities


You were on level 2 of the Dungeon.
You visited 1 branch of the dungeon, and saw 2 of its levels.

You collected 41 gold pieces.

Inventory:

Armour
 a - a +0 robe (worn)
Scrolls
 b - a scroll of brand weapon {unknown}
 c - a scroll of torment {unknown}
 d - 3 scrolls of identify {unknown}


   Skills:
 + Level 3.1 Dodging
 - Level 2.1 Stealth
 * Level 2.5 Spellcasting
 * Level 4.8 Ice Magic


You had 5 spell levels left.
You knew the following spells:

 Your Spells              Type           Power      Damage    Failure   Level
a - Freeze                Ice            60%        1d8       3%          1

Your spell library contained the following spells:

 Spells                   Type           Power      Damage    Failure   Level
 Frozen Ramparts          Ice            30%        1d5       10%         3
 Ozocubu's Armour         Ice            15%        N/A       10%         3
 Sandblast                Erth           2%         2d4       22%         1
 Sting                    Tmut/Pois      4%         1d3       22%         1
 Passwall                 Tmut/Erth      0%         N/A       34%         2
 Poisonous Vapours        Pois/Air       2%         N/A       34%         2
 Stone Arrow              Conj/Erth      2%         3d7       56%         3
 Hailstorm                Conj/Ice       8%         3d4       63%         4
 Olgreb's Toxic Radiance  Pois           1%         N/A       92%         4


Dungeon Overview and Level Annotations

Branches:
Dungeon (2/15)

Altars:

Annotations:
D:2 Sigmund


Innate Abilities, Weirdness & Mutations

((You are very nimble when in or above water. (Stealth+, EV+, Speed+++)))
Your lower body shifts to a powerful aquatic tail in water.


Message History

Confirm with . or Enter, or press ? or * to list all spells.
You can't see any susceptible monsters within range! (Use Z to cast anyway.) Unknown command.
You see here a hobgoblin skeleton.
You now have 41 gold pieces (gained 10).
Done exploring.
Done exploring.
Done exploring.
Press: ? - help, v - describe, . - travel The floor.
There is a stone staircase leading down here.
You climb downwards.
Found a gnarled runed staff and a lumpy blue potion.
There is a stone staircase leading up here.
Sigmund is nearby!
Sigmund is nearby!
You climb upwards.
There is a stone staircase leading down here.
You see here 14 sling bullets.
There is a stone staircase leading down here.
You climb downwards.
Level annotation: Sigmund
There is a stone staircase leading up here.
Your legs become a tail as you enter the water.
You see here a lumpy blue potion.
Sigmund is nearby!
Sigmund is nearby!
Sigmund is nearby!
Sigmund shouts!
Sigmund gestures at you while chanting. The magic dart hits you!
Sigmund laughs darkly.
Your legs become a tail as you enter the water.
You hit the plant.
The plant begins to die.
The plant is lightly damaged.
A nearby plant withers and dies.
Sigmund points at you and mumbles some strange words.
The puff of flame hits you!
Ouch! That really hurt!
You die...

#.....# #.....#
####.## #..### ##...#
#...## #########
#♣.≈≈# ........#
#♣≈.≈≈♣## #. #.#
##♣≈≈@≈≈≈≈# #. #.#
#≈≈P§.P≈P♣#
####.###.###♣≈§≈.≈≈≈P#
...#......##♣≈P≈.≈≈≈≈#
.........!.#@≈P≈.≈≈≈≈#
............♣P≈≈.≈♣♣##
............#♣≈≈.≈♣
...≈.<......#♣≈≈.P♣
..♣≈≈.......#♣≈≈.≈♣


There were no monsters in sight!

Vanquished Creatures
  A dart slug (D:1)
  A ball python (D:1)
  An endoplasm (D:1)
  3 giant cockroaches (D:1)
  2 goblins (D:1)
  4 hobgoblins (D:1)
  2 kobolds (D:1)
  4 rats (D:1)
18 creatures vanquished.

Vanquished Creatures (others)
  3 plants (D:2)
3 creatures vanquished.

Grand Total: 21 creatures vanquished

Notes
Turn   | Place    | Note
-------+----------+-------------------------------------------
     0 | D:1      | Zeld the Merfolk Ice Elementalist began the quest for the
                  | Orb.
     0 | D:1      | Reached XP level 1. HP: 13/13 MP: 3/3
   209 | D:1      | Reached XP level 2. HP: 16/19 MP: 0/5
  1107 | D:2      | Noticed Sigmund
  1193 | D:2      | Killed from afar by Sigmund

Illustrated notes

Levels and vault maps discovered:
D:1:      psy_arrival_statuary, layout_loops_ring
D:2:      minmay_razor_zed, layout_rooms, serial_bayou_lagoon_b, uniq_sigmund

Skill      XL: |  1  2 |
---------------+-------+-----
Dodging        | 3 |  3.1
Stealth        | |  2.1
Spellcasting   | |  2.5
Ice Magic      | |  4.8

Action                   || total
-------------------------++-------
Melee: Unarmed           ||    15
 Cast: Freeze            ||    27
 Stab: Sleeping          ||     1
Armor: Robe              ||     4
Dodge: Dodged            ||    18
